 Dungeon Crawl Stone Soup version 0.31-a0-986-g5e6e4ef867 (webtiles) character file.

Game seed: 17503326347176113374

13234 pokeman the Eclecticist (level 11, -7/61 HPs)
             Began as a Deep Elf Hedge Wizard on Nov 22, 2023.
             Was a Priest of Vehumet.
             Mangled by a molten gargoyle
             ... wielding a +0 mace
              (9 damage)
             ... on level 11 of the Dungeon.
             The game lasted 00:33:45 (12533 turns).

pokeman the Eclecticist (Deep Elf Hedge Wizard)    Turns: 12533, Time: 00:33:46

Health: -7/61      AC: 12    Str:  7    XL:     11   Next: 72%
Magic:  16/42      EV: 13    Int: 24    God:    Vehumet [***...]
Gold:   620        SH:  5    Dex: 14    Spells: 24/42 levels left

rFire   . . .        o - +0 dagger (elec)
rCold   . . .        (no shield)
rNeg    . . .        b - +0 robe
rPois   .            c - +0 hat
rElec   .            O - +2 cloak {Stlth+}
rCorr   .            t - +0 pair of gloves
SInv    .            B - +0 pair of boots
Will    +....        E - amulet of reflection
Stlth   +++          y - ring of magical power
HPRegen 0.30/turn    z - +4 ring of protection
MPRegen 0.28/turn

%: reflection
@: no status effects
A: no striking features
a: Renounce Religion


You were on level 11 of the Dungeon.
You worshipped Vehumet.
Vehumet was most pleased with you.
You visited 2 branches of the dungeon, and saw 12 of its levels.

You collected 760 gold pieces.
You spent 140 gold pieces at shops.

Inventory:

Hand Weapons
 o - a +0 dagger of electrocution (weapon)
Missiles
 N - a curare-tipped dart
Armour
 a - +0 acid dragon scales
 b - a +0 robe (worn)
 c - a +0 hat (worn)
 t - a +0 pair of gloves (worn)
 A - a +2 buckler
 B - a +0 pair of boots (worn)
 O - a +2 cloak of stealth (worn)
Jewellery
 f - a ring of positive energy
 g - a ring of protection from fire
 v - the ring of Siwos {rC+ SInv}
   (You bought it in a shop on level 4 of the Dungeon)

   [ring of protection from cold]

   rC+:       It protects you from cold.
   SInv:      It lets you see invisible.
 y - a ring of magical power (left hand)
 z - a +4 ring of protection (right hand)
 E - an amulet of reflection (around neck)
 H - an amulet of guardian spirit
 P - a ring of resist corrosion
Wands
 p - a wand of quicksilver (8)
 w - a wand of iceblast (22)
 G - a wand of mindburst (5)
 I - a wand of digging (5)
 M - a wand of charming (6)
Scrolls
 e - 4 scrolls of teleportation {unknown}
 i - 3 scrolls of fog {unknown}
 j - 2 scrolls of enchant weapon {unknown}
 k - 9 scrolls of identify {unknown}
 l - 2 scrolls of blinking {unknown}
 m - 2 scrolls of noise {unknown}
 n - a scroll of poison {unknown}
 q - a scroll of vulnerability {unknown}
 s - a scroll of brand weapon {unknown}
 u - a scroll of immolation {unknown}
 F - a scroll of revelation {unknown}
 K - a scroll of fear {unknown}
Potions
 d - a potion of magic
 h - 3 potions of curing
 r - 3 potions of berserk rage {unknown}
 x - a potion of invisibility {unknown}
 C - a potion of haste {unknown}
 D - 3 potions of heal wounds {unknown}
 J - a potion of ambrosia {unknown}
 L - a potion of attraction {unknown}
 Q - a potion of mutation {unknown}
 R - 2 potions of cancellation {unknown}


   Skills:
 - Level 4.0 Fighting
 + Level 4.8 Armour
 - Level 3.0 Dodging
 - Level 3.1 Stealth
 - Level 3.0 Shields
 * Level 16.4 Spellcasting
 + Level 9.8 Conjurations
 - Level 1.1 Summonings
 - Level 1.1 Translocations
 + Level 6.8 Fire Magic
 - Level 1.0 Air Magic
 - Level 1.0 Earth Magic
 - Level 1.0 Poison Magic
 - Level 1.0 Evocations


You had 24 spell levels left.
You knew the following spells:

 Your Spells              Type           Power      Damage    Failure   Level
a - Magic Dart            Conj           100%       1d8       1%          1
b - Mephitic Cloud        Conj/Pois/Air  38%        N/A       1%          3
c - Call Imp              Summ           50%        N/A       2%          2
d - Blink                 Tloc           50%        N/A       2%          2
e - Foxfire               Conj/Fire      100%       2x1d9     1%          1
f - Lee's Rapid Deconstr  Erth           12%        3d8*      13%         5
g - Iskenderun's Mystic   Conj/Tloc      46%        2d10      1%          4

Your spell library contained the following spells:

 Spells                   Type           Power      Damage    Failure   Level
 Olgreb's Toxic Radiance  Pois           24%        N/A       5%          4
 Slow                     Hex            76%        N/A       2%          1
 Lesser Beckoning         Tloc           50%        N/A       2%          2
 Cigotuvi's Dreadful Rot  Necr/Pois/Air  46%        N/A       3%          2
 Gell's Gravitas          Tloc           25%        N/A       5%          3
 Teleport Other           Tloc           25%        N/A       5%          3
 Confusing Touch          Hex            19%        N/A       9%          3
 Sigil of Binding         Hex            19%        N/A       9%          3
 Tukima's Dance           Hex            19%        N/A       9%          3
 Vampiric Draining        Necr           19%        2d7       9%          3
 Conjure Ball Lightning   Conj/Air       23%        3x3d6     12%         6
 Animate Armour           Summ/Erth      48%        N/A       17%         4
 Summon Lightning Spire   Summ/Air       25%        N/A       17%         4
 Dimensional Bullseye     Hex/Tloc       11%        N/A       22%         4
 Discord                  Hex            9%         N/A       100%        8
 Disjunction              Tloc           12%        N/A       100%        8
 Chain Lightning          Conj/Air       23%        3d30      100%        9
 Fire Storm               Conj/Fire      28%        8d7       100%        9
 Shatter                  Erth           12%        3d13*     100%        9


Dungeon Overview and Level Annotations

Branches:
Dungeon (11/15)            Temple (1/1) D:6            Lair (0/5) D:10
    Orc (0/2) D:9

Altars:
Ashenzari
Cheibriados
Dithmenos
Elyvilon
Fedhas
Gozag
Hepliaklqana
Kikubaaqudgha
Makhleb
Nemelex Xobeh
Okawaru
Qazlal
Ru
Sif Muna
Trog
Uskayaw
Vehumet
Wu Jian
Xom
Yredelemnul
Zin
The Shining One

Shops:
D:4 *

Annotations:
D:11 Psyche


Message History

The molten gargoyle blasts magma at you!
The bolt of magma hits you!
Things that are here:
a killer bee corpse; a killer bee corpse; a killer bee corpse
Casting: Iskenderun's Mystic Blast (dangerous; 1% risk of failure)
Confirm with . or Enter, or press ? or * to list all spells.
You erupt in a blast of force!
The mystic blast hits the molten gargoyle.
The molten gargoyle is heavily damaged.
The molten gargoyle is knocked back by the mystic blast.
You hear an angry hiss.
You see here a killer bee corpse.
The molten gargoyle blasts magma at you!
The bolt of magma hits you!!
Casting: Iskenderun's Mystic Blast (dangerous; 1% risk of failure)
Confirm with . or Enter, or press ? or * to list all spells.
You erupt in a blast of force!
The mystic blast hits the molten gargoyle but does no damage.
The molten gargoyle is heavily damaged.
The molten gargoyle blasts magma at you!
The bolt of magma hits you!
* * * LOW HITPOINT WARNING * * *
Casting: Iskenderun's Mystic Blast (dangerous; 1% risk of failure)
Confirm with . or Enter, or press ? or * to list all spells.
You erupt in a blast of force!
The mystic blast hits the molten gargoyle but does no damage.
The molten gargoyle is heavily damaged.
You block the molten gargoyle's attack.
Unknown command.
Casting: Iskenderun's Mystic Blast (dangerous; 1% risk of failure)
Confirm with . or Enter, or press ? or * to list all spells.
You erupt in a blast of force!
The mystic blast hits the molten gargoyle!
The molten gargoyle is severely damaged.
The molten gargoyle is knocked back by the mystic blast.
The molten gargoyle slams into the rock wall!
The molten gargoyle hits you with a +0 mace!
* * * LOW HITPOINT WARNING * * *
You are engulfed in flames!
You die...

#### #######. #...#
........ #...## ........
# ##....# ........ #.
#.....## ........
##.###......# ...>....
#....#......#####.......
##.9.................
#.##†..@.......(........
#...#†........ ##......
§≈...####†.......##
#...... §≈≈.
#.........###...... ≈≈§
#<.........###..... ≈
#............#.....
#..................
##..................
.###...........####....


You could see a molten gargoyle.

Vanquished Creatures
  3 two-headed ogres
  A boulder beetle (D:11)
  Sonja (D:11)
  A cyclops (D:11)
  An unseen horror (D:10)
  4 trolls
  3 hornets
  A shadow (D:10)
  14 yaks
  A basilisk (D:10)
  A wraith (D:10)
  2 wyverns (D:10)
  3 steam dragons
  2 acid dragons
  3 water moccasins
  2 ice beasts (D:6)
  A sky beast (D:6)
  7 orc warriors
  2 black bears
  An ogre (D:6)
  6 centaurs
  2 phantoms
  3 kobold brigands
  4 bullfrogs
  2 gnoll sergeants (D:10)
  A wight (D:6)
  4 scorpions
  9 killer bees
  5 howler monkeys
  An electric eel (D:9)
  3 hounds
  2 jellies
  11 orc priests
  2 gnoll boudas (D:10)
  Ijyb (D:3)
  3 iguanas
  3 sleepcaps
  11 orc wizards
  6 gnolls
  6 adders
  A shadow imp (D:6)
  2 white imps
  2 dart slugs
  46 orcs
  2 ball pythons
  6 bats
  7 endoplasms
  6 giant cockroaches
  4 goblins
  6 hobgoblins
  11 jackals
  6 kobolds
  3 quokkas
  4 frilled lizards
  6 rats
  3 foxfires
254 creatures vanquished.

Vanquished Creatures (collateral kills)
  A water moccasin (D:6)
  A foxfire (D:9)
2 creatures vanquished.

Vanquished Creatures (others)
  A sky beast (D:6)
  An orc (D:11)
  770 foxfires
772 creatures vanquished.

Grand Total: 1028 creatures vanquished

Notes
Turn   | Place    | Note
-------+----------+-------------------------------------------
     0 | D:1      | pokeman the Deep Elf Hedge Wizard began the quest for the
                  | Orb.
     0 | D:1      | Reached XP level 1. HP: 10/10 MP: 7/7
   301 | D:1      | Reached XP level 2. HP: 16/16 MP: 0/9
  1246 | D:2      | Reached skill level 5 in Spellcasting
  1382 | D:2      | Reached XP level 3. HP: 20/20 MP: 9/11
  1386 | D:2      | Learned a level 3 spell: Mephitic Cloud
  1389 | D:2      | Learned a level 2 spell: Call Imp
  1392 | D:2      | Learned a level 2 spell: Blink
  1943 | D:2      | Reached skill level 1 in Armour
  2006 | D:2      | Reached skill level 1 in Fighting
  2336 | D:3      | Reached XP level 4. HP: 22/25 MP: 5/13
  2715 | D:3      | Found a snail-covered altar of Cheibriados.
  2867 | D:3      | Noticed Ijyb
  2885 | D:3      | Killed Ijyb
  2886 | D:3      | Reached skill level 6 in Spellcasting
  2886 | D:3      | Reached XP level 5. HP: 21/29 MP: 11/15
  3217 | D:4      | Found Reitar's Assorted Antiques.
  3374 | D:4      | Found a hide-covered altar of Uskayaw.
  3375 | D:4      | Noticed a +0 hand axe
  3375 | D:4      | Noticed a +0 hand axe
  3475 | D:4      | Reached skill level 1 in Poison Magic
  4096 | D:4      | Bought a wavering granite ring for 140 gold pieces
  4096 | D:4      | Identified the ring of Siwos {rC+ SInv} (You bought it in a
                  | shop on level 4 of the Dungeon)
  4101 | D:5      | Entered Level 5 of the Dungeon
  4204 | D:5      | Reached skill level 1 in Air Magic
  4207 | D:5      | Reached XP level 6. HP: 22/34 MP: 14/17
  4227 | D:5      | Reached skill level 1 in Evocations
  4384 | D:5      | Reached skill level 7 in Spellcasting
  4773 | D:5      | Found a sparkling altar of Nemelex Xobeh.
  4773 | D:5      | Found an opulent altar of Gozag.
  4979 | D:5      | Reached XP level 7. HP: 39/39 MP: 20/20
  5220 | D:5      | Reached skill level 8 in Spellcasting
  5405 | D:5      | Found a blossoming altar of Fedhas.
  5405 | D:5      | Found a stormy altar of Qazlal.
  5555 | D:6      | Found a staircase to the Ecumenical Temple.
  5564 | Temple   | Entered the Ecumenical Temple
  5575 | Temple   | Became a worshipper of Vehumet
  5732 | D:6      | Reached skill level 9 in Spellcasting
  5830 | D:6      | Reached XP level 8. HP: 44/44 MP: 23/23
  5859 | D:6      | Reached skill level 5 in Conjurations
  5981 | D:6      | Reached skill level 10 in Spellcasting
  6112 | D:6      | Found a large runed translucent door.
  6122 | D:6      | Found a large runed translucent door.
  6528 | D:6      | Reached skill level 1 in Shields
  6563 | D:6      | Reached skill level 11 in Spellcasting
  6747 | D:6      | Reached XP level 9. HP: 48/48 MP: 26/26
  6877 | D:6      | Found a bloodstained altar of Trog.
  6880 | D:6      | Found a sacrificial altar of Ru.
  7195 | D:7      | Reached skill level 12 in Spellcasting
  7278 | D:7      | Reached * piety under Vehumet
  7278 | D:7      | Offered knowledge of Foxfire by Vehumet.
  7281 | D:7      | Learned a level 1 spell: Foxfire
  7324 | D:7      | Found an iron altar of Okawaru.
  7501 | D:7      | Found a white marble altar of Elyvilon.
  7876 | D:8      | Identified the +1 ring mail "Ruebb" {Rampage}
  7900 | D:8      | Reached skill level 1 in Fire Magic
  8378 | D:9      | Reached skill level 13 in Spellcasting
  8552 | D:9      | Reached XP level 10. HP: 47/55 MP: 16/29
  8729 | D:9      | Noticed a two-headed ogre
  8762 | D:9      | Killed a two-headed ogre
  8980 | D:9      | Reached skill level 14 in Spellcasting
  9406 | D:9      | Reached ** piety under Vehumet
  9408 | D:9      | Offered knowledge of Freeze by Vehumet.
  9463 | D:9      | Found a staircase to the Orcish Mines.
  9688 | D:10     | Entered Level 10 of the Dungeon
 10114 | D:10     | Reached skill level 5 in Fire Magic
 10175 | D:10     | Found a staircase to the Lair.
 10220 | D:10     | Noticed a two-headed ogre
 10245 | D:10     | HP: 1/56 [killer bee (2)]
 10252 | D:10     | Killed a two-headed ogre
 10253 | D:10     | Reached skill level 15 in Spellcasting
 10253 | D:10     | Reached XP level 11. HP: 11/61 MP: 18/32
 10550 | D:10     | Learned a level 5 spell: Lee's Rapid Deconstruction
 10683 | D:10     | Offered knowledge of Searing Ray by Vehumet.
 10743 | D:10     | Found a basalt altar of Yredelemnul.
 10895 | D:10     | Reached *** piety under Vehumet
 10896 | D:10     | Reached skill level 1 in Earth Magic
 11017 | D:10     | Noticed a two-headed ogre
 11066 | D:10     | Killed a two-headed ogre
 11675 | D:11     | Noticed Sonja
 11679 | D:11     | Noticed Psyche
 11683 | D:11     | Killed Sonja
 11683 | D:11     | Offered knowledge of Olgreb's Toxic Radiance by Vehumet.
 11686 | D:11     | Noticed a two-headed ogre
 11888 | D:10     | Reached skill level 16 in Spellcasting
 12182 | D:11     | Noticed a boulder beetle
 12224 | D:11     | Killed a boulder beetle
 12507 | D:11     | Learned a level 4 spell: Iskenderun's Mystic Blast
 12533 | D:11     | HP: 2/61 [molten gargoyle/+0 mace (14)]
 12533 | D:11     | Mangled by a molten gargoyle

Illustrated notes

Levels and vault maps discovered:
D:1:      amcnicky_arrival_double_pillar, layout_basic, solitary_fountain,
          chequers_serial_rivers_small_a
D:2:      layout_basic
D:3:      layout_basic, kennysheep_slug_shrine, uniq_ijyb
D:4:      layout_basic, dancing_weapons_uskayaw, serial_shops,
          nicolae_shop_stone, minivault_24, minivault_27,
          nicolae_kite_square_tiling_tiny
D:5:      layout_loops_cross, grunt_temple_overflow_opulence,
          grunt_temple_overflow_forces_of_nature, corner_web_ring,
          nicolae_nh_ransacked_shop
D:6:      minmay_recursive_quarters, layout_rooms, jmf_multi_god_temple2,
          minmay_temple_entry_sparse_star
D:7:      layout_loops_ring, elyvilon_altar_1, mainiacjoe_overflow_chevrons
D:8:      layout_rooms
D:9:      layout_long_grid, hiddenorc1_lemuel, serial_bayou_pond_b
D:10:     layout_stronghold, lemuel_tele_altar, minmay_lair_entry_grove,
          serial_column_ruins, column_ruins_square_medium, column_ruins_grid_2,
          column_ruins_grid_4, column_ruins_columns_straight,
          column_ruins_open_tiny, column_ruins_open_medium,
          column_ruins_open_small_water, kennysheep_kite_vault
D:11:     layout_cave_pods, serial_shops, shop, minivault_8, uniq_psyche,
          uniq_sonja
Temple:   nicolae_temple_bog_church

Skill      XL: |  1  2  3  4  5  6  7  8  9 10 11 |
---------------+----------------------------------+-----
Spellcasting   | 5 6 7 9 11 13 15 16 | 16.4
Conjurations   | 2 3 4 6 7 8 9 |  9.8
Armour         | 1 2 3 4 |  4.8
Fighting       | 1 2 4 |  4.0
Dodging        | 3 |  3.0
Stealth        | 3 |  3.1
Poison Magic   | 1 |  1.0
Air Magic      | 1 |  1.0
Evocations     | 1 |  1.0
Shields        | 1 3 |  3.0
Fire Magic     | 3 5 6 |  6.8
Earth Magic    | 1 |  1.0
Summonings     | |  1.1
Translocations | |  1.1

Action                     |  1- 3 |  4- 6 |  7- 9 | 10-12 || total
---------------------------+-------+-------+-------+-------++-------
  Melee: Dagger            |     7 |    41 |    84 |    75 ||   207
         Punch             |       |     1 |     2 |     3 ||     6
  Throw: Dart              |       |       |       |     1 ||     1
   Cast: Magic Dart        |    99 |   104 |   165 |     4 ||   372
         Call Imp          |     1 |     1 |     7 |     1 ||    10
         Mephitic Cloud    |       |     7 |    29 |    53 ||    89
         Blink             |       |       |     3 |    19 ||    22
         Foxfire           |       |       |    81 |   344 ||   425
         Iskenderun's Myst |       |       |       |     6 ||     6
         Lee's Rapid Decon |       |       |       |     1 ||     1
  Evoke: Wand              |       |       |     1 |     6 ||     7
    Use: Potion            |       |       |       |     1 ||     1
   Stab: Sleeping          |     1 |       |       |     1 ||     2
         Confused          |       |     7 |    15 |     8 ||    30
         Distracted        |       |     1 |       |       ||     1
 Armour: Robe              |     7 |    28 |    75 |    87 ||   197
  Dodge: Dodged            |     8 |    35 |    82 |    78 ||   203
  Block: Other             |       |       |    11 |    27 ||    38
         Reflection        |       |       |     1 |     1 ||     2

Table legend: (Time is in decaauts)
 A = Elapsed time spent in this place.
 B = Non-inter-level travel time spent in this place.
 C = Inter-level travel time spent in this place.
 D = Time resting spent in this place.
 E = Time spent auto-exploring this place.
 F = Levels seen in this place.
 G = Mean time per level.
                   A        B        C        D        E       F      G
               +--------+--------+--------+--------+--------+-----+--------+
         Total |  12547 |  12122 |    425 |    226 |   9823 |  12 | 1045.6 |
       Dungeon |  12524 |  12109 |    415 |    226 |   9823 |  11 | 1138.5 |
        Temple |     22 |     12 |     10 |      0 |      0 |   1 |   22.0 |
               +--------+--------+--------+--------+--------+-----+--------+

Top non-repeatable levels by time:
    D:10: 2234 daAuts
     D:5: 1450 daAuts
     D:9: 1407 daAuts
     D:6: 1324 daAuts
     D:1: 1151 daAuts
     D:2: 1045 daAuts
     D:4: 1005 daAuts
     D:3: 897 daAuts
     D:7: 812 daAuts
    D:11: 628 daAuts
     D:8: 567 daAuts
  Temple: 22 daAuts
